TOP OF THE 1ST |
Redwood City Redwoods batting - Pitching for Mile High Broncos : RHP José García
|
Pitching: RHP José García
|
|
Batting: LHB Diego González
|
0-0: Ball 1-0: Swinging Strike 1-1: Ground out 4-3 (Groundball, 4)
|
Batting: LHB Marcos Pérez
|
0-0: Swinging Strike 0-1: Called Strike 0-2: Strikes out swinging
|
Batting: LHB Iván Salas
|
0-0: Foul Ball, location: 2F 0-1: Ball 1-1: Foul Ball, location: 2F 1-2: Ball 2-2: Ball 3-2: Foul Ball, location: 2F 3-2: Base on Balls
|
Batting: RHB Bob Campbell
|
0-0: Swinging Strike 0-1: Called Strike 0-2: SINGLE (Groundball, 56) Iván Salas to second
|
Batting: RHB Rafael Rincón
|
0-0: Ball 1-0: Foul Ball, location: 2F 1-1: Ball 2-1: Ball 3-1: Base on Balls Iván Salas to third Bob Campbell to second
|
Batting: LHB Nicholas Alston
|
0-0: Called Strike 0-1: Ball 1-1: Foul Ball, location: 2F 1-2: Strikes out swinging
|
Top of the 1st over - 0 run(s), 1 hit(s), 0 error(s), 3 left on base; Redwood City 0 - Mile High 0 |
BOTTOM OF THE 1ST |
Mile High Broncos batting - Pitching for Redwood City Redwoods : RHP Manny Maldonado
|
Pitching: RHP Manny Maldonado
|
|
Batting: SHB Tom Stevens
|
0-0: Ball 1-0: Fly out, F7 (Flyball, 78S)
|
Batting: RHB Edward Williams
|
0-0: Called Strike 0-1: Ball 1-1: Ball 2-1: Foul Ball, location: 2F 2-2: SINGLE (Line Drive, 56D)
|
Batting: RHB Luis Alou
|
0-0: Ball 1-0: Ball 2-0: Swinging Strike 2-1: DOUBLE (Flyball, 78XD) Edward Williams to third
|
Batting: RHB António Martínez
|
0-0: Called Strike 0-1: Foul Ball, location: 2F 0-2: Strikes out swinging
|
Batting: RHB David Moran
|
0-0: Called Strike 0-1: Ball 1-1: Ball 2-1: Fly out, F8 (Line Drive, 8LM)
|
Bottom of the 1st over - 0 run(s), 2 hit(s), 0 error(s), 2 left on base; Redwood City 0 - Mile High 0 |
TOP OF THE 2ND |
Redwood City Redwoods batting - Pitching for Mile High Broncos : RHP José García
|
Batting: LHB Ryan Hensley
|
0-0: Fly out, F8 (Flyball, 8LXD)
|
Batting: RHB Xavier Feliciano
|
0-0: Fly out, F6 (Popup, 6MD)
|
Batting: LHB Patrick Bright
|
0-0: Ball 1-0: Ground out 4-3 (Groundball, 4S)
|
Top of the 2nd over - 0 run(s), 0 hit(s), 0 error(s), 0 left on base; Redwood City 0 - Mile High 0 |
BOTTOM OF THE 2ND |
Mile High Broncos batting - Pitching for Redwood City Redwoods : RHP Manny Maldonado
|
Batting: LHB Tony Báez
|
0-0: Called Strike 0-1: Fly out, F7 (Flyball, 78D)
|
Batting: RHB Bo Vickers
|
0-0: Ball 1-0: Called Strike 1-1: Ball 2-1: Foul Ball, location: 2F 2-2: Strikes out looking
|
Batting: LHB Pat Weaver
|
0-0: Ball 1-0: Foul Ball, location: 2F 1-1: Fly out, F8 (Flyball, 8LXD)
|
Bottom of the 2nd over - 0 run(s), 0 hit(s), 0 error(s), 0 left on base; Redwood City 0 - Mile High 0 |
TOP OF THE 3RD |
Redwood City Redwoods batting - Pitching for Mile High Broncos : RHP José García
|
Batting: LHB Diego González
|
0-0: Ball 1-0: Called Strike 1-1: Swinging Strike 1-2: Ball 2-2: Ball 3-2: Base on Balls
|
Batting: LHB Marcos Pérez
|
0-0: Called Strike 0-1: Ball 1-1: Ball 2-1: DOUBLE (Line Drive, 8RXD) Diego González to third Runner from 3rd tries for Home, SAFE, no throw or cutoff
|
Batting: LHB Iván Salas
|
0-0: Fly out, F7 (Flyball, 7LSF)
|
Batting: RHB Bob Campbell
|
0-0: Ball 1-0: Reached on error, E5 (Groundball, 15S) Marcos Pérez scores
|
Batting: RHB Rafael Rincón
|
0-0: Ball 1-0: Ball 2-0: Called Strike 2-1: Called Strike 2-2: Fly out, F9 (Flyball, 89M)
|
Batting: LHB Nicholas Alston
|
0-0: Ball 1-0: Ball 2-0: Foul Ball, location: 2F 2-1: Ball 3-1: Ground out 4-3 (Groundball, 4M)
|
Top of the 3rd over - 2 run(s), 1 hit(s), 1 error(s), 1 left on base; Redwood City 2 - Mile High 0 |
BOTTOM OF THE 3RD |
Mile High Broncos batting - Pitching for Redwood City Redwoods : RHP Manny Maldonado
|
Batting: RHB Francisco Medina
|
0-0: Fly out, F6 (Popup, 6)
|
Batting: SHB Tom Stevens
|
0-0: Called Strike 0-1: Foul Ball, location: 2F 0-2: Ground out 5-3 (Groundball, 5S)
|
Batting: RHB Edward Williams
|
0-0: Ball 1-0: Foul Ball, location: 2F 1-1: Foul Ball, location: 2F 1-2: Ground out 5-3 (Groundball, 5)
|
Bottom of the 3rd over - 0 run(s), 0 hit(s), 0 error(s), 0 left on base; Redwood City 2 - Mile High 0 |
TOP OF THE 4TH |
Redwood City Redwoods batting - Pitching for Mile High Broncos : RHP José García
|
Batting: LHB Ryan Hensley
|
0-0: Ball 1-0: Ball 2-0: Foul Ball, location: 2F 2-1: Ground out 3-1 (Groundball, 3)
|
Batting: RHB Xavier Feliciano
|
0-0: Called Strike 0-1: Swinging Strike 0-2: Foul Ball, location: 2F 0-2: Ball 1-2: Foul Ball, location: 2F 1-2: Foul Ball, location: 2F 1-2: Foul Ball, location: 2F 1-2: Ball 2-2: SINGLE (Line Drive, 56)
|
Batting: LHB Patrick Bright
|
0-0: Called Strike 0-1: Ball 1-1: Ball 2-1: Ball 3-1: SINGLE (Line Drive, 7S) Xavier Feliciano to second
|
Batting: LHB Diego González
|
0-0: Foul Ball, location: 2F 0-1: Ball 1-1: 3-RUN HOME RUN (Flyball, 78XD), Distance : 404 ft
|
Batting: LHB Marcos Pérez
|
0-0: Ball 1-0: Ball 2-0: DOUBLE (Line Drive, 8LM)
|
Batting: LHB Iván Salas
|
0-0: Called Strike 0-1: Ball 1-1: Ball 2-1: Swinging Strike 2-2: Ball 3-2: Ground out 5-3 (Groundball, 5)
|
Batting: RHB Bob Campbell
|
0-0: Ball 1-0: Called Strike 1-1: Fly out, F5 (Line Drive, 56)
|
Top of the 4th over - 3 run(s), 4 hit(s), 0 error(s), 1 left on base; Redwood City 5 - Mile High 0 |
BOTTOM OF THE 4TH |
Mile High Broncos batting - Pitching for Redwood City Redwoods : RHP Manny Maldonado
|
Batting: RHB Luis Alou
|
0-0: Called Strike 0-1: Ball 1-1: Called Strike 1-2: Fly out, F9 (Flyball, 9M)
|
Batting: RHB António Martínez
|
0-0: Called Strike 0-1: SOLO HOME RUN (Line Drive, 8LXD), Distance : 434 ft
|
Batting: RHB David Moran
|
0-0: Ground out 3-1 (Groundball, 34S)
|
Batting: LHB Tony Báez
|
0-0: Ball 1-0: Fly out, F6 (Popup, 6D)
|
Bottom of the 4th over - 1 run(s), 1 hit(s), 0 error(s), 0 left on base; Redwood City 5 - Mile High 1 |
TOP OF THE 5TH |
Redwood City Redwoods batting - Pitching for Mile High Broncos : RHP José García
|
Batting: RHB Rafael Rincón
|
0-0: SINGLE (Line Drive, 6M)
|
Batting: LHB Nicholas Alston
|
0-0: Fly out, F5 (Popup, 5)
|
Batting: LHB Ryan Hensley
|
0-0: Ball 1-0: SINGLE (Line Drive, 9S) Rafael Rincón to second Runner from 2nd tries for 3rd, OUT!
|
Batting: RHB Xavier Feliciano
|
0-0: Foul Ball, location: 2F 0-1: Called Strike 0-2: Ball 1-2: Strikes out looking
|
Top of the 5th over - 0 run(s), 2 hit(s), 0 error(s), 1 left on base; Redwood City 5 - Mile High 1 |
BOTTOM OF THE 5TH |
Mile High Broncos batting - Pitching for Redwood City Redwoods : RHP Manny Maldonado
|
Batting: RHB Bo Vickers
|
0-0: Fly out, F6 (Popup, 6D)
|
Batting: LHB Pat Weaver
|
0-0: Swinging Strike 0-1: Fly out, F8 (Flyball, 8LM)
|
Batting: RHB Francisco Medina
|
0-0: Ball 1-0: Foul Ball, location: 2F 1-1: Foul Ball, location: 2F 1-2: Fly out, F6 (Popup, 6M)
|
Bottom of the 5th over - 0 run(s), 0 hit(s), 0 error(s), 0 left on base; Redwood City 5 - Mile High 1 |
TOP OF THE 6TH |
Redwood City Redwoods batting - Pitching for Mile High Broncos : RHP José García
|
Pitching: LHP Robin Wilder
|
|
Batting: LHB Patrick Bright
|
0-0: Fly out, F9 (Line Drive, 9D)
|
Batting: LHB Diego González
|
0-0: Called Strike 0-1: Swinging Strike 0-2: Strikes out swinging
|
Batting: LHB Marcos Pérez
|
0-0: Ball 1-0: Ball 2-0: Ball 3-0: Called Strike 3-1: Base on Balls
|
Batting: LHB Iván Salas
|
0-0: Ball 1-0: Ball 2-0: Ball 3-0: Base on Balls Marcos Pérez to second
|
Batting: RHB Bob Campbell
|
0-0: Swinging Strike 0-1: Ground out 6-3 (Groundball, 6)
|
Top of the 6th over - 0 run(s), 0 hit(s), 0 error(s), 2 left on base; Redwood City 5 - Mile High 1 |
BOTTOM OF THE 6TH |
Mile High Broncos batting - Pitching for Redwood City Redwoods : RHP Manny Maldonado
|
Batting: SHB Tom Stevens
|
0-0: Ball 1-0: Ball 2-0: Fly out, F5 (Popup, 5F)
|
Batting: RHB Edward Williams
|
0-0: Called Strike 0-1: Fly out, F6 (Popup, 5DF)
|
Batting: RHB Luis Alou
|
0-0: Ball 1-0: Swinging Strike 1-1: Called Strike 1-2: Strikes out swinging
|
Bottom of the 6th over - 0 run(s), 0 hit(s), 0 error(s), 0 left on base; Redwood City 5 - Mile High 1 |
TOP OF THE 7TH |
Redwood City Redwoods batting - Pitching for Mile High Broncos : LHP Robin Wilder
|
Batting: RHB Rafael Rincón
|
0-0: Ball 1-0: Ball 2-0: Swinging Strike 2-1: Ball 3-1: Ground out 5-3 (Groundball, 5S)
|
Batting: LHB Nicholas Alston
|
0-0: Called Strike 0-1: Called Strike 0-2: Ball 1-2: Strikes out swinging
|
Batting: LHB Ryan Hensley
|
0-0: Ball 1-0: Ball 2-0: Called Strike 2-1: DOUBLE (Groundball, 3L)
|
Batting: RHB Xavier Feliciano
|
0-0: Ball 1-0: Foul Ball, location: 2F 1-1: Called Strike 1-2: Strikes out looking
|
Top of the 7th over - 0 run(s), 1 hit(s), 0 error(s), 1 left on base; Redwood City 5 - Mile High 1 |
BOTTOM OF THE 7TH |
Mile High Broncos batting - Pitching for Redwood City Redwoods : RHP Manny Maldonado
|
Batting: RHB António Martínez
|
0-0: Ball 1-0: Called Strike 1-1: Ball 2-1: Foul Ball, location: 2F 2-2: Foul Ball, location: 2F 2-2: Fly out, F8 (Flyball, 8LD)
|
Batting: RHB David Moran
|
0-0: Ball 1-0: Ball 2-0: Swinging Strike 2-1: Ball 3-1: Called Strike 3-2: Foul Ball, location: 2F 3-2: Foul Ball, location: 2F 3-2: Strikes out swinging
|
Batting: LHB Tony Báez
|
0-0: Fly out, F7 (Flyball, 7M)
|
Bottom of the 7th over - 0 run(s), 0 hit(s), 0 error(s), 0 left on base; Redwood City 5 - Mile High 1 |
TOP OF THE 8TH |
Redwood City Redwoods batting - Pitching for Mile High Broncos : LHP Robin Wilder
|
Batting: LHB Patrick Bright
|
0-0: Ball 1-0: SINGLE (Line Drive, 9LS)
|
Batting: LHB Diego González
|
0-0: Ball 1-0: Bunted foul 1-1: Sac Bunt - play at second, runner OUT! 1-6
|
Batting: LHB Marcos Pérez
|
0-0: Called Strike 0-1: Called Strike 0-2: Foul Ball, location: 2F 0-2: Ball 1-2: Ball 2-2: Ground out U3 (Groundball, 3S) Diego González to second
|
Batting: LHB Iván Salas
|
0-0: Called Strike 0-1: Foul Ball, location: 2F 0-2: Ball 1-2: Strikes out swinging
|
Top of the 8th over - 0 run(s), 1 hit(s), 0 error(s), 1 left on base; Redwood City 5 - Mile High 1 |
BOTTOM OF THE 8TH |
Mile High Broncos batting - Pitching for Redwood City Redwoods : RHP Manny Maldonado
|
Batting: RHB Bo Vickers
|
0-0: Ball 1-0: Called Strike 1-1: Foul Ball, location: 2F 1-2: Foul Ball, location: 2F 1-2: Foul Ball, location: 2F 1-2: Ball 2-2: Ball 3-2: Fly out, F8 (Flyball, 78D)
|
Batting: LHB Pat Weaver
|
0-0: Fly out, F3 (Popup, 34)
|
Batting: RHB Francisco Medina
|
0-0: Ball 1-0: Ball 2-0: Fly out, F7 (Flyball, 78M)
|
Bottom of the 8th over - 0 run(s), 0 hit(s), 0 error(s), 0 left on base; Redwood City 5 - Mile High 1 |
TOP OF THE 9TH |
Redwood City Redwoods batting - Pitching for Mile High Broncos : LHP Robin Wilder
|
Batting: RHB Bob Campbell
|
0-0: Called Strike 0-1: Swinging Strike 0-2: Ball 1-2: Ball 2-2: SINGLE (Flyball, 8LS)
|
Pitching: RHP Hokusai Nakashima
|
|
Batting: RHB Rafael Rincón
|
0-0: Called Strike 0-1: Foul Ball, location: 2F 0-2: Ball 1-2: Strikes out swinging
|
Batting: LHB Nicholas Alston
|
0-0: Called Strike Bob Campbell steals 2nd base 0-1: Called Strike 0-2: Strikes out swinging
|
Batting: LHB Ryan Hensley
|
0-0: Fly out, F9 (Flyball, 9D)
|
Top of the 9th over - 0 run(s), 1 hit(s), 0 error(s), 1 left on base; Redwood City 5 - Mile High 1 |
BOTTOM OF THE 9TH |
Mile High Broncos batting - Pitching for Redwood City Redwoods : RHP Manny Maldonado
|
Pitching: RHP Joe Watts
|
|
Batting: SHB Tom Stevens
|
0-0: Called Strike 0-1: Ball 1-1: Ball 2-1: Fly out, F5 (Popup, 5S)
|
Batting: RHB Edward Williams
|
0-0: Ball 1-0: Foul Ball, location: 2F 1-1: Ball 2-1: Foul Ball, location: 2F 2-2: Foul Ball, location: 2F 2-2: Ball 3-2: DOUBLE (Line Drive, 5L)
|
Batting: RHB Luis Alou
|
0-0: Swinging Strike 0-1: Ground out 4-3 (Groundball, 4) Edward Williams to third
|
Batting: RHB António Martínez
|
0-0: Ball 1-0: Called Strike 1-1: Foul Ball, location: 2F 1-2: Foul Ball, location: 2F 1-2: Ball 2-2: Ball 3-2: Foul Ball, location: 2F 3-2: Fly out, F8 (Flyball, 8LD)
|
Bottom of the 9th over - 0 run(s), 1 hit(s), 0 error(s), 1 left on base; Redwood City 5 - Mile High 1 |
|